 Dungeon Crawl Stone Soup version 0.29-a0-459-g97dee8cd24 (webtiles) character file.

Game seed: 9465488166318109065

130 acebull12 the Poker (level 4, -2/37 HPs)
             Began as a Demonspawn Monk on May 21, 2022.
             Slain by an ice beast (10 damage)
             ... on level 4 of the Dungeon.
             The game lasted 00:09:07 (4235 turns).

acebull12 the Poker (Demonspawn Monk)               Turns: 4235, Time: 00:09:08

Health: -2/37      AC:  7    Str: 13    XL:     4   Next: 89%
Magic:  4/4        EV: 11    Int: 11    God:
Gold:   187        SH:  0    Dex: 16    Spells: 3/3 levels left

rFire   . . .      SeeInvis .   a - +0 spear
rCold   . . .      Faith    .   (no shield)
rNeg    . . .      Spirit   .   l - +0 ring mail
rPois   .          Reflect  .   o - +0 helmet
rElec   .          Harm     .   (no cloak)
rCorr   .          Rampage  .   (no gloves)
Will    .....                   u - +0 pair of boots
Stlth   ++........              (no amulet)
HPRegen 0.12/turn               (no ring)
MPRegen 0.09/turn               (no ring)

@: no status effects
A: powered by pain 2
a: no special abilities


You were on level 4 of the Dungeon.
You visited 1 branch of the dungeon, and saw 4 of its levels.

You collected 187 gold pieces.

Inventory:

Hand Weapons
 a - a +0 spear (weapon)
Armour
 b - a +0 scale mail
 l - a +0 ring mail (worn)
 o - a +0 helmet (worn)
 u - a +0 pair of boots (worn)
Scrolls
 g - a scroll of noise {unknown}
 h - a scroll of magic mapping {unknown}
 i - 2 scrolls of immolation {unknown}
 j - a scroll of vulnerability {unknown}
 m - 2 scrolls of blinking {unknown}
 s - a scroll of poison {unknown}
 t - a scroll of brand weapon {unknown}
Potions
 d - 2 potions of curing
 f - 2 potions of flight
 k - a potion of brilliance
 n - a potion of heal wounds
 p - 2 potions of haste {unknown}
 q - a potion of lignification {unknown}
 r - 2 potions of attraction


   Skills:
 * Level 3.7 Fighting
 * Level 3.7 Polearms
 + Level 0.7 Armour
 + Level 3.2 Dodging
 + Level 2.6 Stealth


You had 3 spell levels left.
You didn't know any spells.
Your spell library contained the following spells:

 Spells                   Type           Power      Damage    Failure   Level
 Apportation              Tloc           0%         N/A       58%         1
 Alistair's Intoxication  Tmut/Pois      0%         N/A       100%        5


Dungeon Overview and Level Annotations

Branches:
Dungeon (4/15)
 Temple: D:4-7

Altars:

Annotations:
D:4 Blork the orc


Innate Abilities, Weirdness & Mutations

You sometimes gain power by taking damage.


Message History

You barely miss the ice beast. The ice beast barely misses you.
You hit the ice beast.
The ice beast is moderately wounded.
The ice beast hits you. The ice beast freezes you!
You hit the ice beast.
The ice beast is moderately wounded.
The ice beast barely misses you.
You hit the ice beast but do no damage.
The ice beast is moderately wounded.
The ice beast closely misses you.
You hit the ice beast.
The ice beast is moderately wounded.
You hit the ice beast but do no damage.
The ice beast is moderately wounded.
The ice beast hits you but does no damage.
You hit the ice beast but do no damage.
The ice beast is moderately wounded.
The ice beast hits you but does no damage.
You hit the ice beast.
The ice beast is heavily wounded.
The ice beast barely misses you.
You barely miss the ice beast.
The ice beast is heavily wounded.
The ice beast hits you. The ice beast freezes you.
You closely miss the ice beast.
The ice beast is heavily wounded.
The ice beast hits you but does no damage.
You hit the ice beast but do no damage.
The ice beast is heavily wounded.
The ice beast closely misses you.
You barely miss the ice beast.
The ice beast is heavily wounded.
The ice beast hits you. The ice beast freezes you!
* * * LOW HITPOINT WARNING * * *
You hit the ice beast.
The ice beast is heavily wounded.
The ice beast hits you.
* * * LOW HITPOINT WARNING * * *
The ice beast freezes you!
You die...

##########
..Y......#
.#######.#
#....<#.#
#.#...#.# #
#.#.#.#Y###
#.#.#.[.@)..#
##.#.###.#.#.#.#
................
#.#.##..#.#####
#.....#.#
#######.# ..#
###


You could see an ice beast.

Vanquished Creatures
  Jessica (D:3)
  3 adders
  2 dart slugs (D:2)
  5 orcs
  9 endoplasms
  2 giant cockroaches (D:3)
  10 goblins
  4 hobgoblins (D:1)
  3 quokkas
  5 ball pythons
  7 bats
  3 frilled lizards
  3 kobolds
  4 rats
61 creatures vanquished.

Vanquished Creatures (others)
  24 plants (D:3)
24 creatures vanquished.

Grand Total: 85 creatures vanquished

Notes
Turn   | Place    | Note
-------+----------+-------------------------------------------
     0 | D:1      | acebull12 the Demonspawn Monk began the quest for the Orb.
     0 | D:1      | Reached XP level 1. HP: 18/18 MP: 1/1
   552 | D:1      | Gained mutation: You sometimes gain a little power by
                  | taking damage. [demonic ancestry]
   552 | D:1      | Reached XP level 2. HP: 24/24 MP: 2/2
  1365 | D:1      | Gained mutation: You sometimes gain power by taking damage.
                  | [demonic ancestry]
  1365 | D:1      | Reached XP level 3. HP: 29/29 MP: 3/3
  2556 | D:3      | Found a faded altar of an unknown god.
  2562 | D:3      | Reached XP level 4. HP: 35/35 MP: 4/4
  2967 | D:3      | Noticed Jessica
  3006 | D:3      | Killed Jessica
  3414 | D:4      | Noticed Blork the orc
  4212 | D:4      | Noticed an ice beast
  4235 | D:4      | Slain by an ice beast

Illustrated notes

Levels and vault maps discovered:
D:1:      heliophobic_arrival_glass_houses, layout_basic, minmay_split_cup_large
D:2:      layout_loops_ring
D:3:      layout_loops_ring, serial_bayou, serial_bayou_ford_a,
          serial_bayou_shore_a, serial_bayou_pond_a, serial_bayou_shore_b,
          serial_bayou_pond_a, serial_bayou_pond_e,
          hellmonk_ecumenical_altar_arch_garden, grunt_ministairs_10,
          uniq_jessica
D:4:      layout_basic, gammafunk_temple_overflow_forgotten,
          nicolae_shop_gadgets, uniq_blork_the_orc, uniq_robin, uniq_sigmund

Skill      XL: |  1  2 |
---------------+-------+-----
Polearms       | 3 |  3.7
Dodging        | 3 |  3.2
Stealth        | 2 |  2.6
Fighting       | |  3.7
Armour         | |  0.7

Action                   |  1- 3 |  4- 6 || total
-------------------------+-------+-------++-------
Melee: Spear             |   159 |   132 ||   291
       Punch             |     3 |       ||     3
  Use: Scroll            |       |     5 ||     5
       Potion            |       |     1 ||     1
 Stab: Sleeping          |     7 |     2 ||     9
       Distracted        |       |     2 ||     2
Armor: Robe              |    11 |       ||    11
       Ring mail         |    17 |    50 ||    67
Dodge: Dodged            |    77 |    61 ||   138

Table legend: (Time is in decaauts)
 A = Elapsed time spent in this place.
 B = Non-inter-level travel time spent in this place.
 C = Inter-level travel time spent in this place.
 D = Time resting spent in this place.
 E = Time spent auto-exploring this place.
 F = Levels seen in this place.
 G = Mean time per level.
                   A        B        C        D        E       F      G
               +--------+--------+--------+--------+--------+-----+--------+
         Total |   4259 |   3887 |    372 |   1018 |   2167 |   4 | 1064.8 |
       Dungeon |   4259 |   3887 |    372 |   1018 |   2167 |   4 | 1064.8 |
               +--------+--------+--------+--------+--------+-----+--------+

Top non-repeatable levels by time:
     D:1: 1732 daAuts
     D:3: 1593 daAuts
     D:2: 739 daAuts
     D:4: 194 daAuts
